Description

CC First followed by 3 rax and 2 gas. By 7 minutes, you should have 100 supply, with 1/1 marines/mauraders and medivacs

Replay - Avalon Labs

Build Order

Get SALT Encoding   

  12  0:01  SCV  
  13  0:13  SCV  
  14  0:19  Supply Depot  
  14  0:33  SCV  
  15  0:45  SCV  
  16  0:59  Command Center  
  16  1:10  Barracks  
  16  1:13  SCV  
  17  1:26  Barracks  
  17  1:30  SCV  
  18  1:44  Barracks  
  18  1:46  SCV  
  19  1:54  Refinery  
  19  2:00  Refinery  
  19  2:14  Orbital Command  
  19  2:25  Orbital Command  
  19  2:30  Barracks Tech Lab  
  19  2:39  Barracks Reactor  
  19  2:45  SCV  
  19  2:47  Barracks Reactor  
  20  2:52  Marauder  
  20  2:54  SCV  
  23  3:00  SCV  
  23  3:01  Supply Depot  
  24  3:10  Engineering Bay  
  24  3:22  Supply Depot  
  24  3:24  Marine  
  24  3:25  Marine x2  
  29  3:27  Marine  
  29  3:34  Supply Depot  
  32  3:42  Terran Infantry Armor Level 1  
  32  3:46  Combat Shields  
  34  3:56  Marine x2  
  34  3:58  Marine  
  34  4:00  Marine  
  38  4:05  Supply Depot  
  38  4:18  Engineering Bay  
  38  4:24  Marine x2  
  38  4:25  Factory  
  38  4:27  Marauder  
  50  4:48  Marauder  
  54  5:02  Refinery  
  54  5:04  Refinery  
  59  5:14  Stimpack  
  59  5:17  Terran Infantry Weapons Level 1  
  59  5:23  Armory  
  63  5:39  Factory Reactor  
  63  5:42  Starport  
  65  5:54  Marauder  
  73  6:09  Terran Infantry Armor Level 2  
  73  6:17  Marauder  
  79  6:28  Terran Vehicle And Ship Armor Level 1  
  79  6:32  Medivac x2  
  83  6:41  Marauder  
  89  7:02  Medivac x2  
  95  7:11  Marauder  
  99  7:20  Terran Infantry Weapons Level 2  
  95  7:46  Medivac x2  
  95  7:49  Marauder  
  108  8:20  Command Center  
  94  8:39  Marauder  
  98  8:51  Medivac x2  
  102  9:00  Marauder  
  111  9:17  Terran Infantry Armor Level 3  
  111  9:23  Medivac x2  
  117  9:39  Armory  
  123  9:54  Terran Infantry Weapons Level 3  
Spawning Tool Build Advisor. Get it on Overwolf

Analysis

should be building marines/mauraders/medivacs

Go to:

Details

  • Created by: merlin.shaw
  • Published on: Jan 22, 2017
  • Modified on: Jan 22, 2017
  • Patch: 3.8.0
Show
View Real Time Build Order
Export as new Build Order

Comments (0)

There are no comments. Be the first!

Create an account to comment!